 Dungeon Crawl Stone Soup version 0.29.0-4-gdea44cf6ec (webtiles) character file.

Game seed: 17449749378303649702

42 qw the Chopper (level 3, -1/21 HPs)
             Began as a Tengu Warper on Aug 28, 2022.
             Slain by a goblin
             ... wielding a +1 dagger of electrocution
             ... led by Robin
              (20 damage)
             ... on level 2 of the Dungeon.
             The game lasted 00:00:07 (1280 turns).

qw the Chopper (Tengu Warper)                       Turns: 1280, Time: 00:00:07

Health: -1/21      AC:  3    Str: 13    XL:     3   Next: 56%
Magic:  7/7        EV: 12    Int: 13    God:
Gold:   77         SH:  0    Dex: 13    Spells: 6/6 levels left

rFire   . . .      SeeInvis .   Y - +0 hand axe
rCold   . . .      Faith    .   (no shield)
rNeg    . . .      Spirit   .   b - +0 leather armour
rPois   .          Reflect  .   (helmet restricted)
rElec   .          Harm     .   (no cloak)
rCorr   .          Rampage  .   (no gloves)
Will    .....                   (boots unavailable)
Stlth   +.........              (no amulet)
HPRegen 0.07/turn               (no ring)
MPRegen 0.10/turn               (no ring)

@: no status effects
A: beak, talons 3
a: no special abilities


You were on level 2 of the Dungeon.
You visited 1 branch of the dungeon, and saw 2 of its levels.

You collected 77 gold pieces.


Innate Abilities, Weirdness & Mutations

You have a beak for a mouth.
You have claws for feet.


   Skills:
 - Level 2.0 Fighting
 + Level 4.2 Axes
 - Level 1.0 Throwing
 - Level 1.1 Armour
 - Level 2.1 Dodging
 - Level 2.0 Spellcasting
 - Level 2.4 Translocations


You had 6 spell levels left.
You didn't know any spells.
Your spell library contained the following spells:

 Spells                   Type           Power      Damage    Failure   Level
 Blink                    Tloc           14%        N/A       19%         2
 Gell's Gravitas          Tloc           7%         N/A       36%         3
 Lesser Beckoning         Tloc           7%         N/A       36%         3
 Teleport Other           Tloc           7%         N/A       36%         3
 Manifold Assault         Tloc           7%         N/A       98%         5

Inventory:

Hand Weapons
 g - a +0 flail
 Y - a +0 hand axe (weapon)
Armour
 b - a +0 leather armour (worn)
Potions
 f - a potion of cancellation {unknown}

Dungeon Overview and Level Annotations

Branches:
Dungeon (2/15)

Altars:

Annotations:
D:2 Robin


Message History

You now have 77 gold pieces (gained 4).
A goblin comes into view. It is wielding a +0 club.
The goblin shouts!
Enter note: You hit the goblin but do no damage.
You claw the goblin.
The goblin is moderately wounded.
The goblin completely misses you.
You closely miss the goblin. Your kick misses the goblin.
Your peck misses the goblin.
The goblin is moderately wounded.
The goblin hits you but does no damage.
You slash the goblin!
You kill the goblin! 4 goblins and 2 hobgoblins come into view.
The hobgoblin shouts!
The goblin shouts! x2; The hobgoblin shouts!
You hear a shout! x3
A goblin comes into view.
It is wielding a +1 dagger of electrocution.
A goblin comes into view. It is wielding a +0 dagger.
The hobgoblin moves out of view.
You hear a shout! x3
A goblin comes into view. It is wielding a +0 club.
A hobgoblin comes into view.
A goblin comes into view. It is wielding a +0 club.
You hit the goblin.
The goblin is moderately wounded.
A rat comes into view.
You barely miss the goblin.
The goblin is moderately wounded.
You hit the goblin.
You kill the goblin!
The goblin closely misses you.
You closely miss the goblin. Your kick misses the goblin.
The goblin is moderately wounded.
You hit the goblin.
Robin of the Strong Arm comes into view.
They are wielding a +0 short sword.
The goblin hits you but does no damage. x3
The goblin hits you with a +1 dagger of electrocution.
You are electrocuted!!
Ouch! That really hurt!
You die...

##### ..... ......
###g.r...
##@gggg... ..
#.g#gg.... ..##
####.## g....
......# ##....#
....
.......###..####
... .........##.##
... ..
.......#.#..##....
.
.......#...........
.......#..#......##


You could see Robin, 3 hobgoblins, 5 goblins and a rat.

Vanquished Creatures
  A gnoll (D:1)
  A dart slug (D:1)
  4 endoplasms (D:1)
  A giant cockroach (D:1)
  4 goblins
  3 hobgoblins
  3 jackals (D:1)
  A kobold (D:1)
  2 quokkas (D:1)
  A ball python (D:1)
  A frilled lizard (D:1)
  4 rats (D:1)
26 creatures vanquished.

Notes
Turn   | Place    | Note
-------+----------+-------------------------------------------
     0 | D:1      | qw the Tengu Warper began the quest for the Orb.
     0 | D:1      | Reached XP level 1. HP: 12/12 MP: 4/4
     0 | D:1      | 0 ||| qw: Version: 0.1-a-89-g26bdef1
     0 | D:1      | 0 ||| qw: Game counter: 1098
     0 | D:1      | 0 ||| qw: Always use a shield: true
     0 | D:1      | 0 ||| qw: God list: Okawaru
     0 | D:1      | 0 ||| qw: Allow faded altars: false
     0 | D:1      | 0 ||| qw: Do Orc after D:15 true
     0 | D:1      | 0 ||| qw: Do second Lair branch before Depths: true
     0 | D:1      | 0 ||| qw: Lair rune preference: random
     0 | D:1      | 0 ||| qw: Plans: Normal
     0 | D:1      | 0 ||| PLANNING D:1-11
   113 | D:1      | Reached XP level 2. HP: 17/17 MP: 6/6
   131 | D:1      | Found a faded altar of an unknown god.
   148 | D:1      | Reached skill level 3 in Axes
   527 | D:1      | 527 ||| Stepping ~*~*~tactically~*~*~ (hiding).
   528 | D:1      | 528 ||| Stepping ~*~*~tactically~*~*~ (hiding).
   538 | D:1      | Reached XP level 3. HP: 18/21 MP: 7/7
   708 | D:1      | Reached skill level 4 in Axes
   713 | D:1      | 713 ||| Stepping ~*~*~tactically~*~*~ (stealth).
   718 | D:1      | 718 ||| Stepping ~*~*~tactically~*~*~ (stealth).
  1108 | D:1      | 1108 ||| DROPPING amulet of faith.
  1109 | D:1      | 1109 ||| READING scroll labelled FEZIXKOUTI.
  1110 | D:1      | 1110 ||| READING scroll labelled YMPOPNOINN.
  1111 | D:1      | 1111 ||| DRINKING 2 amethyst potions.
  1112 | D:1      | 1112 ||| DROPPING scroll of blinking.
  1113 | D:1      | 1113 ||| DROPPING potion of attraction.
  1223 | D:2      | 1223 ||| Stepping ~*~*~tactically~*~*~ (stealth).
  1280 | D:2      | Noticed Robin
  1280 | D:2      | Slain by a goblin

Levels and vault maps discovered:
D:1:      onia_arrival_mini_maze_b, layout_rooms,
          hellmonk_ecumenical_altar_heavens_door, nrook_uturn,
          hangedman_decor_clover_reticule
D:2:      layout_rooms, basic_altar, kennysheep_jessica_study, uniq_robin

Skill      XL: |  1  2  3 |
---------------+----------+-----
Axes           | 3 4 |  4.2
Fighting       | |  2.0
Throwing       | |  1.0
Armour         | |  1.1
Dodging        | |  2.1
Spellcasting   | |  2.0
Translocations | |  2.4

Action                   || total
-------------------------++-------
Melee: Hand axe          ||    63
       Kick              ||    10
       Peck              ||     6
Throw: Boomerang         ||     7
  Use: Scroll            ||     2
       Potion            ||     1
Armor: Leather armour    ||    15
Dodge: Dodged            ||    31

Table legend:
 A = Non-vault XP
 B = Vault XP
 C = Vault XP percentage of total XP
 D = Non-vault monster count
 E = Vault monster count
 F = Vault count percentage of total count
                 A         B        C        D         E       F
            +---------+---------+-------+---------+---------+-------
      Total |      59 |       2 |   3.3 |      25 |       1 |   3.8
            +---------+---------+-------+---------+---------+-------
        D:1 |      55 |       0 |   0.0 |      23 |       0 |   0.0
        D:2 |       4 |       2 |  33.3 |       2 |       1 |  33.3
            +---------+---------+-------+---------+---------+-------
